 Dungeon Crawl Stone Soup version 0.22-a0-409-gb855193 (webtiles) character file.

10942 TheGoonsmith the Blocker (level 11, -5/60 HPs)
             Began as a Gargoyle Earth Elementalist on May 10, 2018.
             Was the Champion of Cheibriados.
             Slain by a killer bee (10 damage)
             ... on level 11 of the Dungeon.
             The game lasted 00:21:27 (11483 turns).

TheGoonsmith the Blocker (GrEE)                    Turns: 11483, Time: 00:21:28

Health: -5/60      AC: 23    Str: 31    XL:     11   Next: 70%
Magic:  17/17      EV: 13    Int: 33    God:    Cheibriados [******]
Gold:   586        SH: 16    Dex: 26    Spells: 5/18 levels left

rFire    . . .     SeeInvis .   u - +10 war axe of Ajaeseme {elec, rC+ rN+}
rCold    + . .     Gourm    .   w - +0 shield
rNeg     + + .     Faith    .   i - +0 ring mail
rPois    ∞         Spirit   .   m - +2 helmet
rElec    +         Reflect  .   q - +1 cloak
rCorr    .         Harm     .   (no gloves)
MR       .....                  F - +0 pair of boots
Stlth    ++........             (no amulet)
HPRegen  0.20/turn              L - +4 ring of strength
MPRegen  0.15/turn              s - +3 ring of protection

@: very slow
A: negative energy resistance 1, electricity resistance, unbreathing,
petrification resistance, rot immunity, AC +8
a: Bend Time, Temporal Distortion, Slouch, Step From Time, Renounce Religion


You were on level 11 of the Dungeon.
You worshipped Cheibriados.
Cheibriados was exalted by your worship.
You were hungry.

You visited 2 branches of the dungeon, and saw 12 of its levels.
You also visited: Ossuary.

You collected 586 gold pieces.

Inventory:

Hand Weapons
 h - a +0 short sword
 k - a +1 whip of draining
 u - the +10 war axe of Ajaeseme (weapon) {elec, rC+ rN+}
   (You found it on level 4 of the Dungeon)

   Occasionally, upon striking a foe, it will discharge some electrical energy
   and cause terrible harm.
   It protects you from cold.
   It protects you from negative energy.
Missiles
 b - 217 stones (quivered)
Armour
 c - a +0 robe
 i - a +0 ring mail (worn)
 m - a +2 helmet (worn)
 q - a +1 cloak (worn)
 v - the cursed -4 pair of gloves "Bajig" {MR+ Int+3}
   (You found it on level 4 of the Dungeon)

   It affects your intelligence (+3).
   It affects your resistance to hostile enchantments.
   It has a curse placed upon it.
 w - a +0 shield (worn)
 F - a +0 pair of boots (worn)
Jewellery
 e - a +5 ring of intelligence
 s - a +3 ring of protection (right hand)
 E - an uncursed ring of stealth
 K - a +1 ring of slaying
 L - a +4 ring of strength (left hand)
Wands
 B - a wand of acid (7)
 D - a wand of iceblast (8)
 I - a wand of paralysis (11)
 O - a wand of scattershot (3)
Scrolls
 a - 7 scrolls of remove curse
 g - 2 scrolls of teleportation
 j - 3 scrolls of magic mapping
 l - a scroll of fog
 o - 3 scrolls of enchant weapon
 p - 3 scrolls of amnesia
 y - 5 scrolls of random uselessness
 J - a scroll of blinking
 M - 3 scrolls of identify
 P - a scroll of enchant armour
 Q - a scroll of vulnerability {unknown}
Potions
 f - 2 potions of agility
 n - a potion of might {unknown}
 r - 2 potions of mutation
 t - 3 potions of curing
 x - 2 potions of lignification
 z - 2 potions of flight
 A - a potion of invisibility
 C - 3 potions of heal wounds
 G - a potion of magic {unknown}
 H - a potion of resistance {unknown}
 N - a potion of brilliance {unknown}
Comestibles
 d - 26 rations


   Skills:
 - Level 3.0 Fighting
 - Level 6.0 Axes
 - Level 4.0 Armour
 - Level 3.0 Dodging
 - Level 2.1 Stealth
 + Level 14.3 Shields
 - Level 4.1 Spellcasting
 - Level 0.7 Transmutations
 - Level 9.0 Earth Magic


You had 5 spell levels left.
You knew the following spells:

 Your Spells              Type           Power        Failure   Level  Hunger
a - Sandblast             Erth           ######       1%          1    None
b - Stone Arrow           Conj/Erth      #####.       3%          3    #......
c - Petrify               Tmut/Erth      #####...     11%         4    ###....
z - Lee's Rapid Deconstr  Erth           ######....   5%          5    #####..


Dungeon Overview and Level Annotations

Branches:
Dungeon (11/15)            Temple (1/1) D:4            Lair (0/6) D:11
    Orc: D:9-12

Altars:
Ashenzari
Cheibriados
Elyvilon
Kikubaaqudgha
Makhleb
Okawaru
Qazlal
Ru
Vehumet
Wu Jian
Xom
Yredelemnul
Zin

Shops:
D:9 ?   D:10 [

Portals:
Trove: D:10 (give +7 demon trident)


Innate Abilities, Weirdness & Mutations

You are resistant to torment.
Your stone body is resilient. (AC +8)
You are immune to poison.
You resist negative energy. (rN+)
You are resistant to electric shocks. (rElec)
You can survive without breathing.
You are immune to petrification.
You are immune to rotting.


Message History

You closely miss the killer bee.
The killer bee is lightly wounded.
The killer bee buzzes angrily.
You slice the killer bee!! You hit the killer bee. x2
You completely miss the queen bee. You completely miss the killer bee.
You hit the killer bee. You block the killer bee's attack. x2
The killer bee closely misses you. You block the killer bee's attack.
The killer bee stings you!
* * * LOW HITPOINT WARNING * * *
The killer bee misses you. The killer bee stings you.
* * * LOW HITPOINT WARNING * * *
The killer bee barely misses you.
The killer bee stings you but does no damage.
The killer bee stings you.
* * * LOW HITPOINT WARNING * * *
The killer bee stings you but does no damage.
The killer bee closely misses you. x2
The killer bee stings you but does no damage. x2
The killer bee stings you!
You die...

#........####..####
#≈#≈≈
########................
#≈≈≈≈
##.................
###..
#..........(....... #.
#.................. #.
#.................. #.
#...............# #.
#.........†yy...#.% ##
#.........y@yyy....
##........yyy...#..
##.....#.......#
###############


You could see a queen bee and 8 killer bees.

Vanquished Creatures
  An unseen horror (D:10)
  A cyclops (D:10)
  A centaur skeleton (D:11)
  A komodo dragon (D:11)
  2 efreet (D:10)
  3 trolls
  A polar bear (D:10)
  Prince Ribbit (D:5)
  Sigmund (D:5)
  A wyvern (D:10)
  Eustachio (D:5)
  4 hogs (D:10)
  A hungry ghost (D:9)
  A wraith (D:10)
  A human (D:10)
  Grum (D:9)
  An acid dragon (D:11)
  A water moccasin (D:10)
  6 ice beasts
  4 orc warriors
  A black bear (D:10)
  A necrophage (D:5)
  7 ogres
  4 centaurs
  An eye of draining (D:11)
  6 phantoms
  6 wolves
  3 big kobolds
  A crocodile (D:11)
  Blork the orc (D:6)
  3 bullfrogs
  A hornet simulacrum (D:10)
  6 scorpions
  11 wights
  11 killer bees (D:11)
  An electric eel (D:10)
  2 crimson imps
  2 jellies
  A quasit (D:5)
  14 hounds
  A bullfrog skeleton (D:7)
  A human zombie (Ossuary)
  4 orc priests
  11 orc wizards
  A water moccasin simulacrum (D:10)
  3 iguanas
  8 worker ants
  A big kobold zombie (Ossuary)
  A bullfrog simulacrum (D:10)
  4 mummies (Ossuary)
  2 worker ant zombies (D:10)
  2 howler monkey skeletons
  7 adders
  A shadow imp (D:10)
  5 white imps (D:10)
  A worker ant simulacrum (D:10)
  A howler monkey simulacrum (D:10)
  3 ufetubi (D:10)
  2 oozes
  2 adder zombies (D:1)
  4 worms (D:2)
  A dart slug (D:2)
  12 leopard geckos
  30 orcs
  5 giant cockroaches
  A gnoll zombie (Ossuary)
  8 goblins
  3 hobgoblins
  12 jackals
  4 quokkas
  A ball python (D:3)
  6 bats
  A frilled lizard (D:2)
  A goblin zombie (Ossuary)
  15 kobolds
  4 kobold zombies (Ossuary)
  A leopard gecko skeleton (D:4)
  9 rats
296 creatures vanquished.

Vanquished Creatures (others)
  An eye of draining (D:10)
  A jelly (D:10)
  4 plants (D:11)
6 creatures vanquished.

Grand Total: 302 creatures vanquished

Notes
Turn   | Place    | Note
-------+----------+-------------------------------------------
     0 | D:1      | TheGoonsmith the Gargoyle Earth Elementalist began the quest for the Orb.
     0 | D:1      | Reached XP level 1. HP: 10/10 MP: 3/3
   191 | D:1      | Reached XP level 2. HP: 13/15 MP: 0/5
   758 | D:1      | Reached XP level 3. HP: 15/19 MP: 6/6
  1676 | D:2      | Reached XP level 4. HP: 17/24 MP: 1/8
  1854 | D:2      | Reached skill level 5 in Earth Magic
  2250 | D:2      | HP: 1/24 [iguana (2)]
  2259 | D:2      | Reached XP level 5. HP: 15/28 MP: 0/10
  3577 | D:4      | Found a staircase to the Ecumenical Temple.
  3582 | Temple   | Entered the Ecumenical Temple
  3589 | Temple   | Became a worshipper of Cheibriados the Contemplative
  3621 | D:4      | Reached skill level 1 in Fighting
  3621 | D:4      | Reached XP level 6. HP: 30/34 MP: 8/12
  3836 | D:4      | Learned a level 3 spell: Stone Arrow
  3842 | D:4      | Learned a level 5 spell: Lee's Rapid Deconstruction
  3847 | D:4      | Learned a level 4 spell: Petrify
  3930 | D:4      | Reached * piety under Cheibriados
  3947 | D:4      | Reached XP level 7. HP: 27/41 MP: 9/13
  4067 | D:4      | Got a sapphire war axe
  4165 | D:4      | Got a pair of faintly humming gloves
  4522 | D:5      | Entered Level 5 of the Dungeon
  4561 | D:5      | Identified the cursed -4 pair of gloves "Bajig" {MR+ Int+3} (You found it on level 4 of the Dungeon)
  4562 | D:5      | Identified the +10 war axe of Ajaeseme {elec, rC+ rN+} (You found it on level 4 of the Dungeon)
  4631 | D:5      | Reached skill level 1 in Shields
  4746 | D:5      | Reached skill level 2 in Shields
  5103 | D:5      | Reached ** piety under Cheibriados
  5180 | D:5      | Reached skill level 1 in Axes
  5180 | D:5      | Reached XP level 8. HP: 46/46 MP: 14/14
  5348 | D:5      | Noticed Sigmund
  5352 | D:5      | Killed Sigmund
  5352 | D:5      | Reached skill level 3 in Shields
  5544 | D:6      | Noticed Prince Ribbit
  5548 | D:6      | Noticed Eustachio
  5552 | D:5      | Killed Prince Ribbit
  5554 | D:5      | Reached skill level 4 in Shields
  5665 | D:5      | Killed Eustachio
  5843 | D:6      | Reached skill level 5 in Shields
  5843 | D:6      | Reached XP level 9. HP: 50/50 MP: 15/15
  6262 | D:6      | Noticed Blork the orc
  6272 | D:6      | Killed Blork the orc
  6272 | D:6      | Reached skill level 1 in Armour
  6273 | D:6      | Reached *** piety under Cheibriados
  6529 | D:7      | Reached skill level 6 in Shields
  6714 | D:7      | Reached skill level 5 in Axes
  6774 | D:7      | Found a shimmering altar of Xom.
  6777 | D:7      | Found a shimmering altar of Xom.
  6777 | D:7      | Found a shimmering altar of Xom.
  6777 | D:7      | Found a shimmering altar of Xom.
  6778 | D:7      | Found a shimmering altar of Xom.
  7009 | D:7      | Reached **** piety under Cheibriados
  7052 | D:7      | Noticed a polar bear
  7052 | D:7      | Noticed a salamander
  7052 | D:7      | a polar bear changed into a salamander
  7081 | D:7      | Noticed a troll
  7282 | D:8      | Found a sand-covered staircase.
  7294 | Ossuary  | Entered an ossuary
  7607 | D:8      | Reached skill level 7 in Shields
  8063 | D:9      | Reached XP level 10. HP: 56/56 MP: 16/16
  8318 | D:9      | Noticed Grum
  8322 | D:9      | Reached skill level 8 in Shields
  8328 | D:9      | Killed Grum
  8485 | D:9      | Found Vujank's Magic Scroll Shop.
  8843 | D:9      | Reached skill level 9 in Shields
  9142 | D:10     | Entered Level 10 of the Dungeon
  9153 | D:10     | Reached ***** piety under Cheibriados
  9165 | D:10     | Found a portal to a secret trove of treasure.
  9189 | D:10     | Reached skill level 10 in Shields
  9329 | D:10     | Found Toffam's Antique Armour Shoppe.
  9356 | D:10     | Reached skill level 11 in Shields
  9503 | D:10     | Noticed a cyclops
  9512 | D:10     | Killed a cyclops
  9541 | D:10     | Reached XP level 11. HP: 60/60 MP: 17/17
  9544 | D:10     | Reached skill level 12 in Shields
  9973 | D:10     | Reached ****** piety under Cheibriados
 10351 | D:10     | Reached skill level 13 in Shields
 10353 | D:10     | Killed an unseen horror
 10610 | D:10     | Identified the Grimoire of Calling and Transmutation
 10613 | D:10     | Identified Byw Kifoqe's Guide on Ashen Feathers
 10973 | D:11     | Found a staircase to the Lair.
 11366 | D:11     | Reached skill level 14 in Shields
 11481 | D:11     | HP: 2/60 [killer bee (11)]
 11483 | D:11     | Slain by a killer bee

Vault maps used:
D:1:      saegor_arrival_fortress, minmay_misc_feat_nine_boxes,
          minmay_misc_feat_x
D:2:      first_ration, interstate_on_off
D:4:      temple_doors_e
D:5:      uniq_sigmund
D:6:      grunt_ministairs_14, uniq_prince_ribbit1, uniq_eustachio,
          uniq_blork_the_orc
D:7:      xom_shifter_show
D:8:      nicolae_ossuary_entry_ruins
D:9:      serial_co_window_serial, co_window_corner_a, co_window_paths_a,
          co_window_paths_b, co_window_paths_b, co_window_of_opportunity_a,
          co_window_broadway_b, co_window_2corner, co_window_paths_c,
          co_window_corner_b, co_window_broadway_c, co_window_unsneaky_path_e,
          co_window_paths_e, glass_columns_b, glass_columns_b, glass_columns_a,
          glass_columns_b, glass_columns_b, serial_shops, shop, uniq_grum
D:10:     minmay_the_grid_triangle_9x9_rhombus_full, serial_shops,
          nicolae_shop_trees, serial_ice, serial_ice_c, serial_ice_a,
          serial_ice_g, serial_ice_o, serial_ice_k, serial_ice_d, serial_ice_n,
          serial_ice_f, enter_trove_0, grunt_livestock
D:11:     david_lair_shrubbed, special_room, minmay_crystal_water
Temple:   grunt_wide_crystal_templ
Ossuary:  ossuary_crypta

Skill      XL: |  1  2  3  4  5  6  7  8  9 10 11 |
---------------+----------------------------------+-----
Earth Magic    | 4 5 6 7 9 |  9.0
Spellcasting   | 3 4 |  4.1
Fighting       | 1 3 |  3.0
Dodging        | 2 3 |  3.0
Shields        | 2 5 7 11 14 | 14.3
Axes           | 1 3 5 6 |  6.0
Armour         | 4 |  4.0
Stealth        | |  2.1
Transmutations | |  0.7

Action                   |  1- 3 |  4- 6 |  7- 9 | 10-12 || total
-------------------------+-------+-------+-------+-------++-------
Melee: Unarmed           |    58 |       |       |       ||    58
       Short sword       |     9 |       |       |       ||     9
       Whip              |    54 |   170 |    34 |       ||   258
       War axe           |       |       |   213 |   239 ||   452
 Cast: Sandblast         |    21 |    53 |    13 |     3 ||    90
  Use: Potion            |     1 |     1 |     1 |     1 ||     4
       Scroll            |       |       |    15 |     9 ||    24
 Stab: Sleeping          |     4 |     7 |     6 |     3 ||    20
       Distracted        |       |       |       |     2 ||     2
  Eat: Ration            |     1 |       |     1 |     1 ||     3
       Chunk             |       |     6 |     5 |     4 ||    15
Armor: Robe              |    38 |    76 |    41 |       ||   155
       Ring mail         |       |       |    54 |   134 ||   188
Dodge: Dodged            |    97 |   137 |   133 |   177 ||   544
Block: Shield            |       |       |   113 |   258 ||   371

Table legend:
 A = Spawn XP
 B = Non-spawn XP
 C = Spawn XP percentage of total XP
 D = Spawn monster count
 E = Non-spawn monster count
 F = Spawn count percentage of total count
 G = Total turns spent on level
                    A         B        C        D         E        F      G
               +---------+---------+-------+---------+---------+-------+---------
         Total |       0 |   15632 |   0.0 |       0 |     297 |   0.0 | 11483
               +---------+---------+-------+---------+---------+-------+---------
           D:1 |       0 |      48 |   0.0 |       0 |      22 |   0.0 |  1434
           D:2 |       0 |     148 |   0.0 |       0 |      19 |   0.0 |  1218
           D:3 |       0 |      48 |   0.0 |       0 |      18 |   0.0 |   888
           D:4 |       0 |     577 |   0.0 |       0 |      23 |   0.0 |   989
           D:5 |       0 |    1393 |   0.0 |       0 |      27 |   0.0 |  1332
           D:6 |       0 |     711 |   0.0 |       0 |      22 |   0.0 |   535
           D:7 |       0 |    1054 |   0.0 |       0 |      28 |   0.0 |   863
           D:8 |       0 |     432 |   0.0 |       0 |       8 |   0.0 |   605
           D:9 |       0 |    1237 |   0.0 |       0 |      19 |   0.0 |  1087
          D:10 |       0 |    6308 |   0.0 |       0 |      59 |   0.0 |  1839
          D:11 |       0 |    3529 |   0.0 |       0 |      40 |   0.0 |   502
       Ossuary |       0 |     147 |   0.0 |       0 |      12 |   0.0 |   178
               +---------+---------+-------+---------+---------+-------+---------
